 Dungeon Crawl Stone Soup version 0.25.1-2-g60ff931df9 (webtiles) character file.

Game seed: 9146395922418690800

854 Descartes the Blocker (level 8, 0/58 HPs)
             Began as a Formicid Fighter on Nov 8, 2020.
             Was a Follower of Cheibriados.
             Slain by Maggie
             ... wielding a +1 broad axe of flaming
              (1 damage)
             ... on level 6 of the Dungeon.
             The game lasted 00:07:54 (5111 turns).

Descartes the Blocker (Formicid Fighter)            Turns: 5111, Time: 00:07:55

Health: 0/58       AC: 10    Str: 24    XL:     8   Next: 21%
Magic:  12/12      EV: 10    Int: 13    God:    Cheibriados [*.....]
Gold:   226        SH: 12    Dex: 13    Spells: 7/7 levels left

rFire    + . .     SeeInvis +   a - +0 long sword
rCold    . . .     Gourm    .   c - +0 kite shield
rNeg     . . .     Faith    .   i - +2 ring mail {rF+}
rPois    .         Spirit   .   (helmet unavailable)
rElec    .         Reflect  .   z - +0 cloak
rCorr    .         Harm     .   y - +0 pair of gloves
MR       +....                  (no boots)
Stlth    +.........             (no amulet)
HPRegen  0.19/turn              (no ring)
MPRegen  0.13/turn              r - ring of protection from magic

@: mighty, very slow
A: permanent stasis, dig shafts and tunnels, four strong arms, antennae 3
a: Dig, Shaft Self, Bend Time, Renounce Religion


You were on level 6 of the Dungeon.
You worshipped Cheibriados.
Cheibriados was aware of your devotion.
You were not hungry.

You visited 2 branches of the dungeon, and saw 7 of its levels.

You collected 226 gold pieces.

Inventory:

Hand Weapons
 a - a +0 long sword (weapon)
Missiles
 o - 78 bolts
 p - 157 stones (quivered)
 v - 49 arrows
 x - 22 poisoned darts
 E - 3 boomerangs
Armour
 c - a +0 kite shield (worn)
 i - a +2 ring mail of fire resistance (worn)
 l - a +0 plate armour
 y - a +0 pair of gloves (worn)
 z - a +0 cloak (worn)
Jewellery
 m - an uncursed ring of ice
 r - a ring of protection from magic (right hand)
Wands
 s - a wand of paralysis (11)
 A - a wand of digging (4)
Scrolls
 b - 5 scrolls of remove curse {unknown}
 e - 3 scrolls of teleportation {unknown}
 j - 3 scrolls of enchant armour {unknown}
 k - 11 scrolls of identify {unknown}
 t - 2 scrolls of random uselessness {unknown}
 w - a scroll of fear {unknown}
 B - a scroll of enchant weapon {unknown}
 D - a scroll of magic mapping {unknown}
 H - a scroll of fog {unknown}
Potions
 d - a potion of might
 g - a potion of berserk rage {unknown}
 h - 2 potions of heal wounds {unknown}
 n - 3 potions of magic {unknown}
 q - a potion of ambrosia {unknown}
 u - 2 potions of curing
 C - a potion of mutation {unknown}
 G - 3 potions of degeneration {unknown}
Comestibles
 f - 7 rations


   Skills:
 - Level 3.2 Fighting
 - Level 2.0 Long Blades
 - Level 3.2 Armour
 - Level 9.0 Shields
 + Level 6.4 Invocations


You had 7 spell levels left.
You didn't know any spells.
Your spell library contained the following spells:

 Spells                   Type           Power        Failure   Level  Hunger
 Magic Dart               Conj           #...         43%         1    ##.....
 Call Imp                 Summ           #.......     56%         2    ###....
 Slow                     Hex            #.......     56%         2    ###....
 Conjure Flame            Conj/Fire      #.......     80%         3    ####...
 Mephitic Cloud           Conj/Pois/Air  #.......     80%         3    ####...
 Blink                    Tloc           Unusable     N/A         2    N/A

Dungeon Overview and Level Annotations

Branches:
Dungeon (6/15)             Temple (1/1) D:4

Altars:
Ashenzari
Cheibriados
Dithmenos
Elyvilon
Fedhas
Gozag
Hepliaklqana
Kikubaaqudgha
Nemelex Xobeh
Okawaru
Qazlal
Ru
Sif Muna
Trog
Uskayaw
Vehumet
Yredelemnul
Zin
The Shining One

Shops:
D:6 *

Annotations:
D:6 Maggie


Innate Abilities, Weirdness & Mutations

You cannot be hasted, slowed, berserked, paralysed or teleported.
You can dig through walls and to a lower floor.
Your four strong arms can wield two-handed weapons with a shield.
You have a pair of large antennae on your head. (SInv)


Message History

Maggie casts a spell at you. The bolt of fire hits you! You resist.
* * * LOW HITPOINT WARNING * * *
You block Maggie's attack.
You barely miss Maggie.
Maggie is severely wounded.
You block Maggie's attack.
You slash Maggie!
Maggie is almost dead.
You block Maggie's attack.
You hit Maggie.
Maggie is almost dead.
Maggie gestures wildly while chanting.
Maggie attempts to bespell you! You resist with some effort.
You barely miss Maggie.
Maggie is almost dead.
Maggie hits you with a +1 broad axe of flaming.
* * * LOW HITPOINT WARNING * * *
Maggie burns you.
You die...

## #.# #.# #.# ##.#
#### ##@# #..#
#####@##
#..####....#.##
###.............#
#........#.P../##
#........#.P∩P.##
#..........PPP......
#..............#####
#.......#...#.##


You could see Maggie.

Vanquished Creatures
  Edmund (D:5)
  A sky beast (D:5)
  A centaur (D:5)
  A scorpion (D:5)
  3 crimson imps
  A howler monkey (D:4)
  A bullfrog zombie (D:5)
  3 hounds
  2 orc wizards (D:5)
  An iguana (D:5)
  A worker ant (D:4)
  A hound skeleton (D:5)
  6 adders
  2 oozes
  A worm (D:2)
  2 dart slugs
  2 leopard geckos
  9 orcs
  6 bats
  3 giant cockroaches
  9 goblins
  4 hobgoblins
  2 quokkas
  4 frilled lizards
  A giant cockroach zombie (D:5)
  7 kobolds
  A leopard gecko skeleton (D:5)
  2 rats (D:2)
  A spectral orc (D:5)
79 creatures vanquished.

Notes
Turn   | Place    | Note
-------+----------+-------------------------------------------
     0 | D:1      | Descartes the Formicid Fighter began the quest for the Orb.
     0 | D:1      | Reached XP level 1. HP: 18/18 MP: 1/1
   606 | D:1      | Reached skill level 4 in Shields
   892 | D:2      | Reached XP level 2. HP: 24/24 MP: 2/2
   985 | D:2      | Reached XP level 3. HP: 27/29 MP: 3/3
  1039 | D:2      | Reached skill level 5 in Shields
  1301 | D:2      | Found a shattered altar of Ashenzari.
  1316 | D:2      | Found a bloodstained altar of Trog.
  1503 | D:3      | Reached XP level 4. HP: 35/35 MP: 4/4
  1816 | D:3      | Found a blossoming altar of Fedhas.
  1855 | D:3      | Reached skill level 6 in Shields
  1855 | D:3      | Reached XP level 5. HP: 33/41 MP: 5/5
  2034 | D:3      | Found a radiant altar of Vehumet.
  2229 | D:3      | Found a stormy altar of Qazlal.
  2721 | D:4      | Found a staircase to the Ecumenical Temple.
  2736 | Temple   | Entered the Ecumenical Temple
  2792 | Temple   | Became a worshipper of Cheibriados the Contemplative
  2868 | D:4      | You fall into a shaft and drop 1 floor!
  2868 | D:5      | Entered Level 5 of the Dungeon
  2914 | D:5      | Reached skill level 7 in Shields
  3338 | D:4      | Reached XP level 6. HP: 42/47 MP: 6/6
  3477 | D:4      | Reached skill level 8 in Shields
  3798 | D:5      | Noticed a sky beast
  3817 | D:5      | Killed a sky beast
  3817 | D:5      | Reached skill level 9 in Shields
  3817 | D:5      | Reached skill level 1 in Invocations
  3817 | D:5      | Reached XP level 7. HP: 45/52 MP: 6/8
  4145 | D:5      | Reached * piety under Cheibriados
  4173 | D:5      | Found a basalt altar of Yredelemnul.
  4490 | D:5      | Reached skill level 5 in Invocations
  4545 | D:6      | Reached XP level 8. HP: 58/58 MP: 10/12
  4578 | D:6      | Noticed Edmund
  4584 | D:6      | Noticed Maggie
  4843 | D:6      | Found Elokow's Assorted Antiques.
  4900 | D:5      | Killed Edmund
  5111 | D:6      | HP: 1/58 [Maggie/+1 broad axe of flaming (6)]
  5111 | D:6      | Slain by Maggie

Illustrated notes

Levels and vault maps discovered:
D:1:      scummos_arrival_forest, layout_loops_corners,
          minmay_misc_feat_ornament
D:2:      layout_rooms, grunt_temple_overflow_open, kennysheep_generic_room_16
D:3:      layout_basic, vehumet_crystals, old_standard_altar,
          fedhas_ov_isle_minmay
D:4:      layout_basic, minmay_temple_entry_glassed_door
D:5:      layout_loops_corners, yredelemnul_forgotten_temple_becter,
          first_ration
D:6:      layout_rooms, serial_shops, nicolae_shop_overgrown_old_shop,
          minmay_misc_feat_diagonals, uniq_edmund, uniq_maggie
Temple:   dshaligram_water_room_temple

Skill      XL: |  1  2  3  4  5  6  7  8 |
---------------+-------------------------+-----
Shields        | 4 5 6 7 9 |  9.0
Invocations    | 1 5 6 |  6.4
Fighting       | |  3.2
Long Blades    | |  2.0
Armour         | |  3.2

Action                   |  1- 3 |  4- 6 |  7- 9 || total
-------------------------+-------+-------+-------++-------
Melee: Long sword        |    86 |   162 |   145 ||   393
 Abil: Dig               |       |     1 |     1 ||     2
  Use: Potion            |       |       |     2 ||     2
  Eat: Chunk             |     2 |     4 |     4 ||    10
       Ration            |       |     1 |       ||     1
Armor: Ring mail         |    31 |    48 |    24 ||   103
Dodge: Dodged            |    34 |    46 |    41 ||   121
Block: Kite shield       |    60 |    88 |    74 ||   222
       Rpst.: Long sword |    10 |    17 |    13 ||    40
